[ AOE2 MATCH · #506174419 ]
UnrankedHindustanis vs Mongols
Rival team · LOSS
[ REPLAY ANALYSIS · EXTRACTED FROM THE RECORDED GAME ]
Feudal
10:43
Castle
24:08
Imperial
—
| APM avg | 74.4 |
| APM peak | 147 |
| eAPM avg | 36.4 |
| Villagers / military | 77 / 56 |
Focus
⚔️ 28.3% · 🌾 71.7%
Ghulam ×31 · Skirmisher ×7 · Archer ×6 · Mangonel ×4 · Militia ×3 · Camel Scout ×3
Feudal
9:23
Castle
22:51
Imperial
—
| APM avg | 67.5 |
| APM peak | 100 |
| eAPM avg | 24.5 |
| Villagers / military | 119 / 70 |
Focus
⚔️ 29.3% · 🌾 70.7%
Archer ×53 · Mangonel ×5 · Mangudai ×5 · Skirmisher ×4 · Militia ×3
Match map
Initial resources + every placement click. Lines = walls · curves = elevation contours. ◆ gold · ⬟ stone · ● berries · ✦ relic · ◌ wall gap
Your base· Open — opponent sealed themselves in
GAX | Ry4n's base· ✓ Closed at 22:51 · 50t walls · no gate
Smoothed initial terrain · ◌ = detected wall gap · hover for details
Inputs per minute
— Gil-galad - - GAX | Ry4n
Build order — Gil-galad
First 150 of 231 actions detected
| 0:00 | Create | Villager (Male) |
| 0:00 | Create | Villager (Male) |
| 0:01 | Create | Villager (Male) |
| 0:04 | Build | House |
| 0:05 | Build | House |
| 0:12 | Create | Villager (Male) |
| 0:12 | Create | Villager (Male) |
| 1:08 | Create | Villager (Male) |
| 1:08 | Create | Villager (Male) |
| 2:08 | Create | Villager (Male) |
| 2:09 | Create | Villager (Male) |
| 2:21 | Build | Lumber Camp |
| 2:53 | Create | Villager (Male) |
| 2:53 | Create | Villager (Male) |
| 3:39 | Create | Villager (Male) |
| 3:40 | Create | Villager (Male) |
| 3:40 | Create | Villager (Male) |
| 3:50 | Build | House |
| 4:32 | Build | Barracks |
| 4:36 | Create | Villager (Male) |
| 4:50 | Create | Villager (Male) |
| 4:58 | Build | House |
| 5:06 | Build | Palisade Wall |
| 5:22 | Create | Villager (Male) |
| 5:31 | Create | Militia |
| 5:32 | Create | Militia |
| 5:32 | Create | Militia |
| 5:42 | Create | Villager (Male) |
| 6:04 | Create | Villager (Male) |
| 6:27 | Create | Villager (Male) |
| 6:36 | Build | Mill |
| 6:45 | Create | Villager (Male) |
| 7:00 | Build | House |
| 7:14 | Create | Villager (Male) |
| 7:46 | Research | Loom |
| 7:51 | Build | Palisade Wall |
| 8:22 | Build | Mill |
| 8:26 | Build | Palisade Wall |
| 8:33 | Research | Feudal Age |
| 8:33 | Research | Feudal Age |
| 8:45 | Build | Palisade Wall |
| 8:45 | Build | Palisade Wall |
| 9:52 | Create | Villager (Male) |
| 9:55 | Build | Mining Camp |
| 10:26 | Build | Outpost |
| 10:35 | Create | Villager (Male) |
| 10:43 | Age | Feudal Age |
| 10:47 | Build | Archery Range |
| 10:56 | Build | Outpost |
| 11:05 | Research | Double-Bit Axe |
| 11:05 | Create | Villager (Male) |
| 11:29 | Create | Archer |
| 11:32 | Research | Horse Collar |
| 11:32 | Create | Villager (Male) |
| 11:44 | Build | Farm |
| 11:58 | Create | Archer |
| 12:00 | Build | Palisade Wall |
| 12:02 | Build | Palisade Wall |
| 12:04 | Build | Palisade Wall |
| 12:06 | Create | Villager (Male) |
| 12:18 | Build | Palisade Wall |
| 12:24 | Build | Farm |
| 12:24 | Create | Villager (Male) |
| 12:31 | Build | Farm |
| 12:33 | Build | Farm |
| 12:39 | Create | Skirmisher |
| 12:44 | Build | House |
| 12:48 | Create | Villager (Male) |
| 12:57 | Build | Farm |
| 12:59 | Create | Villager (Male) |
| 13:08 | Create | Archer |
| 13:18 | Build | House |
| 13:30 | Create | Villager (Male) |
| 13:35 | Build | House |
| 13:43 | Create | Archer |
| 13:53 | Build | Lumber Camp |
| 14:11 | Build | Farm |
| 14:18 | Create | Villager (Male) |
| 14:23 | Build | House |
| 14:28 | Build | Farm |
| 14:28 | Create | Archer |
| 14:41 | Build | House |
| 15:07 | Create | Villager (Male) |
| 15:08 | Create | Archer |
| 15:16 | Build | Blacksmith |
| 15:33 | Build | Watch Tower |
| 16:16 | Create | Villager (Male) |
| 16:36 | Build | Farm |
| 16:39 | Build | Mining Camp |
| 16:40 | Create | Villager (Male) |
| 17:02 | Create | Villager (Male) |
| 17:12 | Create | Skirmisher |
| 17:12 | Create | Skirmisher |
| 17:16 | Build | Farm |
| 17:18 | Build | Farm |
| 17:21 | Create | Villager (Male) |
| 17:45 | Build | Farm |
| 17:47 | Create | Villager (Male) |
| 18:12 | Create | Villager (Male) |
| 18:13 | Create | Skirmisher |
| 18:23 | Build | Outpost |
| 18:27 | Build | House |
| 18:32 | Build | Outpost |
| 18:34 | Create | Villager (Male) |
| 18:43 | Research | Fletching |
| 18:59 | Create | Villager (Male) |
| 19:00 | Create | Skirmisher |
| 19:20 | Create | Villager (Male) |
| 19:24 | Build | Farm |
| 19:26 | Build | Farm |
| 19:45 | Create | Skirmisher |
| 19:46 | Create | Villager (Male) |
| 20:04 | Create | Villager (Male) |
| 20:33 | Create | Skirmisher |
| 20:55 | Build | Market |
| 21:09 | Build | House |
| 21:28 | Research | Castle Age |
| 21:29 | Research | Castle Age |
| 21:34 | Build | Watch Tower |
| 21:43 | Build | Stable |
| 21:46 | Research | Scale Barding Armor |
| 21:48 | Create | Villager (Male) |
| 21:59 | Build | Mining Camp |
| 22:31 | Build | Watch Tower |
| 22:40 | Research | Bloodlines |
| 22:51 | Build | Palisade Wall |
| 23:36 | Build | House |
| 23:50 | Build | Palisade Wall |
| 24:08 | Age | Castle Age |
| 24:15 | Create | Villager (Male) |
| 24:19 | Create | Camel Scout |
| 24:19 | Create | Camel Scout |
| 24:30 | Build | Farm |
| 24:30 | Build | Farm |
| 24:35 | Build | Siege Workshop |
| 25:12 | Create | Villager (Male) |
| 25:16 | Create | Camel Scout |
| 25:28 | Create | Mangonel |
| 25:29 | Create | Villager (Male) |
| 26:00 | Create | Villager (Male) |
| 26:04 | Create | Villager (Male) |
| 26:33 | Create | Villager (Male) |
| 26:54 | Research | Light Cavalry (upgrade) |
| 26:54 | Create | Scout Cavalry |
| 26:54 | Create | Scout Cavalry |
| 27:18 | Create | Mangonel |
| 27:18 | Create | Villager (Male) |
| 27:32 | Research | Chain Barding Armor |
| 27:32 | Create | Villager (Male) |
| 28:08 | Create | Villager (Male) |
Build order — GAX | Ry4n
First 150 of 299 actions detected
| 0:00 | Create | Villager (Male) |
| 0:00 | Create | Villager (Male) |
| 0:02 | Build | House |
| 0:06 | Build | House |
| 0:09 | Create | Villager (Male) |
| 0:10 | Create | Villager (Male) |
| 1:26 | Create | Villager (Male) |
| 1:57 | Build | Lumber Camp |
| 2:01 | Create | Villager (Male) |
| 2:01 | Create | Villager (Male) |
| 2:24 | Create | Villager (Male) |
| 2:24 | Create | Villager (Male) |
| 2:39 | Create | Villager (Male) |
| 3:05 | Create | Villager (Male) |
| 3:35 | Create | Villager (Male) |
| 3:42 | Build | House |
| 4:03 | Create | Villager (Male) |
| 4:12 | Create | Villager (Male) |
| 4:14 | Build | Mill |
| 4:35 | Create | Villager (Male) |
| 4:35 | Create | Villager (Male) |
| 4:35 | Create | Villager (Male) |
| 4:55 | Create | Villager (Male) |
| 5:02 | Create | Villager (Male) |
| 5:02 | Create | Villager (Male) |
| 5:34 | Create | Villager (Male) |
| 6:05 | Create | Villager (Male) |
| 6:10 | Build | Barracks |
| 6:20 | Research | Loom |
| 6:45 | Build | House |
| 6:59 | Build | Palisade Wall |
| 7:13 | Research | Feudal Age |
| 7:46 | Create | Militia |
| 7:47 | Create | Militia |
| 7:58 | Build | Lumber Camp |
| 8:26 | Create | Militia |
| 8:45 | Build | Mill |
| 9:23 | Age | Feudal Age |
| 9:26 | Research | Man-at-Arms (upgrade) |
| 9:27 | Research | Man-at-Arms (upgrade) |
| 9:43 | Build | Archery Range |
| 9:43 | Create | Villager (Male) |
| 9:52 | Create | Villager (Male) |
| 9:52 | Create | Villager (Male) |
| 9:52 | Create | Villager (Male) |
| 9:53 | Create | Villager (Male) |
| 10:33 | Create | Archer |
| 10:38 | Build | House |
| 10:41 | Build | Mining Camp |
| 10:43 | Build | House |
| 10:55 | Build | Palisade Wall |
| 10:57 | Build | Palisade Wall |
| 10:58 | Build | House |
| 11:05 | Create | Skirmisher |
| 11:09 | Build | House |
| 11:11 | Build | Palisade Wall |
| 11:24 | Create | Villager (Male) |
| 11:37 | Create | Villager (Male) |
| 11:42 | Research | Double-Bit Axe |
| 11:52 | Create | Archer |
| 11:53 | Create | Skirmisher |
| 12:07 | Create | Villager (Male) |
| 12:11 | Build | House |
| 12:23 | Create | Archer |
| 12:27 | Build | Farm |
| 12:30 | Build | House |
| 12:37 | Build | Farm |
| 12:44 | Build | House |
| 12:53 | Create | Villager (Male) |
| 12:54 | Create | Villager (Male) |
| 13:22 | Build | Blacksmith |
| 13:31 | Build | Palisade Wall |
| 13:32 | Build | Palisade Wall |
| 13:36 | Create | Archer |
| 13:40 | Create | Villager (Male) |
| 14:00 | Build | House |
| 14:04 | Research | Fletching |
| 14:04 | Research | Fletching |
| 14:07 | Build | Farm |
| 14:14 | Create | Skirmisher |
| 14:27 | Build | House |
| 14:28 | Build | Palisade Wall |
| 14:30 | Build | Palisade Wall |
| 14:37 | Create | Skirmisher |
| 14:40 | Build | Farm |
| 14:45 | Create | Villager (Male) |
| 14:45 | Create | Villager (Male) |
| 14:50 | Build | Farm |
| 15:28 | Create | Villager (Male) |
| 15:30 | Build | Farm |
| 15:31 | Build | Farm |
| 16:05 | Create | Villager (Male) |
| 16:10 | Create | Archer |
| 16:11 | Create | Archer |
| 16:33 | Create | Archer |
| 16:37 | Create | Villager (Male) |
| 16:39 | Build | Farm |
| 16:39 | Create | Villager (Male) |
| 16:41 | Build | Farm |
| 16:41 | Build | Farm |
| 16:59 | Create | Villager (Male) |
| 17:09 | Create | Villager (Male) |
| 17:11 | Build | Farm |
| 17:12 | Create | Archer |
| 17:15 | Build | Palisade Wall |
| 17:16 | Build | Palisade Wall |
| 17:18 | Create | Villager (Male) |
| 17:19 | Build | Farm |
| 17:20 | Build | Farm |
| 17:20 | Build | Farm |
| 17:31 | Create | Villager (Male) |
| 17:46 | Research | Horse Collar |
| 17:46 | Research | Horse Collar |
| 17:47 | Create | Villager (Male) |
| 17:50 | Create | Villager (Male) |
| 18:06 | Create | Archer |
| 18:40 | Build | Archery Range |
| 19:09 | Build | Farm |
| 19:11 | Create | Villager (Male) |
| 19:55 | Build | Farm |
| 20:11 | Research | Castle Age |
| 20:14 | Build | Archery Range |
| 20:14 | Create | Archer |
| 20:15 | Create | Archer |
| 20:56 | Create | Archer |
| 20:56 | Create | Archer |
| 21:17 | Create | Archer |
| 21:20 | Create | Archer |
| 21:20 | Create | Archer |
| 21:24 | Research | Gold Mining |
| 21:27 | Create | Archer |
| 21:36 | Research | Padded Archer Armor |
| 21:36 | Research | Padded Archer Armor |
| 21:38 | Create | Archer |
| 21:38 | Create | Archer |
| 21:38 | Create | Archer |
| 21:47 | Create | Villager (Male) |
| 21:55 | Create | Archer |
| 22:18 | Create | Villager (Male) |
| 22:23 | Build | House |
| 22:27 | Build | Palisade Wall |
| 22:51 | Age | Castle Age |
| 22:52 | Research | Crossbowman (upgrade) |
| 22:52 | Research | Crossbowman (upgrade) |
| 22:53 | Research | Bodkin Arrow |
| 22:54 | Create | Villager (Male) |
| 22:54 | Create | Villager (Male) |
| 23:00 | Build | Siege Workshop |
| 23:11 | Create | Archer |
| 23:11 | Create | Archer |
Match timeline
| 4:32 | Gil-galad · first_building Barracks |
| 5:06 | Gil-galad · wall_segment Palisade Wall x4 |
| 6:10 | GAX | Ry4n · first_building Barracks |
| 6:59 | GAX | Ry4n · wall_segment Palisade Wall x1 |
| 7:51 | Gil-galad · wall_segment Palisade Wall x4 |
| 8:26 | Gil-galad · wall_segment Palisade Wall x6 |
| 8:45 | Gil-galad · wall_segment Palisade Wall x1 |
| 8:45 | Gil-galad · wall_segment Palisade Wall x1 |
| 9:23 | GAX | Ry4n · age_up feudal |
| 9:43 | GAX | Ry4n · first_building Archery Range |
| 10:43 | Gil-galad · age_up feudal |
| 10:47 | Gil-galad · first_building Archery Range |
| 10:55 | GAX | Ry4n · wall_segment Palisade Wall x1 |
| 10:57 | GAX | Ry4n · wall_segment Palisade Wall x3 |
| 11:11 | GAX | Ry4n · wall_segment Palisade Wall x11 |
| 12:00 | Gil-galad · wall_segment Palisade Wall x1 |
| 12:02 | Gil-galad · wall_segment Palisade Wall x1 |
| 12:04 | Gil-galad · wall_segment Palisade Wall x1 |
| 12:18 | Gil-galad · wall_segment Palisade Wall x1 |
| 13:31 | GAX | Ry4n · wall_segment Palisade Wall x7 |
| 13:32 | GAX | Ry4n · wall_segment Palisade Wall x3 |
| 14:28 | GAX | Ry4n · wall_segment Palisade Wall x3 |
| 14:30 | GAX | Ry4n · wall_segment Palisade Wall x13 |
| 17:15 | GAX | Ry4n · wall_segment Palisade Wall x8 |
| 17:16 | GAX | Ry4n · wall_segment Palisade Wall x1 |
| 21:28 | Gil-galad · first_market_sell 100 wood |
| 21:43 | Gil-galad · first_building Stable |
| 22:27 | GAX | Ry4n · wall_segment Palisade Wall x1 |
| 22:51 | Gil-galad · wall_segment Palisade Wall x1 |
| 22:51 | GAX | Ry4n · age_up castle |
| 23:00 | GAX | Ry4n · first_building Siege Workshop |
| 23:50 | Gil-galad · wall_segment Palisade Wall x1 |
| 24:08 | Gil-galad · age_up castle |
| 24:35 | Gil-galad · first_building Siege Workshop |
| 27:16 | Gil-galad · first_market_buy 100 wood |
| 28:55 | Gil-galad · first_building Castle |
| 28:59 | GAX | Ry4n · first_market_buy 100 wood |
| 29:00 | GAX | Ry4n · first_market_sell 100 food |
| 35:31 | GAX | Ry4n · first_building Castle |
| 36:01 | GAX | Ry4n · wall_segment Palisade Wall x1 |
| 36:11 | GAX | Ry4n · wall_segment Palisade Wall x1 |
| 36:17 | GAX | Ry4n · wall_segment Palisade Wall x1 |
| 37:36 | GAX | Ry4n · resign |
[ AI ANALYSIS · 1 CREDIT ]
What really happened in this match?
Wolo.gg analyzes every decision: build order, eco, micro, common mistakes by bracket. Personalized analysis on WhatsApp or Discord in 30 seconds.
Civ guide
Hindustanis
Perfil
Jugador #322559